 Dungeon Crawl Stone Soup version 0.31.0-32-g396128a36d (webtiles) character file.

Game seed: 13726877305455959921

104 spaghetti the Slasher (level 4, -15/43 HPs)
             Began as a Naga Chaos Knight on Mar 25, 2024.
             Was a Plaything of Xom.
             Killed by an exploding ogre (28 damage)
             ... ignited by their inner flame
             ... on level 3 of the Dungeon.
             The game lasted 00:02:25 (1685 turns).

spaghetti the Slasher (Naga Chaos Knight)           Turns: 1685, Time: 00:02:25

Health: -15/43     AC:  5    Str: 18 (21) XL:     4   Next: 80%
Magic:  4/4        EV:  9    Int:  9 (12) God:    Xom [..*...]
Gold:   107        SH:  0    Dex:  9 (12) Spells: 3/3 levels left

rFire   . . .        e - +0 dagger (venom)
rCold   . . .        (no shield)
rNeg    . . .        b - +2 leather armour
rPois   +            (no helmet)
rElec   .            (no cloak)
rCorr   .            (no gloves)
SInv    +            (no barding)
Will    .....        (no amulet)
Stlth   +            j - +6 ring of strength
HPRegen 0.27/turn    (no ring)
MPRegen 0.09/turn

%: no passive effects
@: mighty, weak-willed, attractive, very slow
A: AC +1, large, see invisible, deformed body, poison resistance, slowness 2,
spit poison 1, naga tail 1
a: Spit Poison, Renounce Religion


You were on level 3 of the Dungeon.
You worshipped Xom.
You were a toy of Xom.
You visited 1 branch of the dungeon, and saw 3 of its levels.

You collected 107 gold pieces.

Inventory:

Hand Weapons
 a - a +0 falchion of chaos
 e - a +0 dagger of venom (weapon)
Armour
 b - a +2 leather armour (worn)
Jewellery
 j - a +6 ring of strength (left hand)
 k - a ring of resist corrosion


   Skills:
 + Level 3.6 Fighting
 - Level 4.9 Long Blades
 - Level 1.5 Armour
 - Level 0.7 Dodging


You had 3 spell levels left.
You didn't know any spells.
Your spell library was empty.

Dungeon Overview and Level Annotations

Branches:
Dungeon (3/15)

Altars:
Makhleb

Shops:
D:1 :


Innate Abilities, Weirdness & Mutations

Your serpentine skin is tough. (AC +1)
You have supernaturally acute eyesight. (SInv)
Armour fits poorly on your strangely shaped body.
Your system is resistant to poisons. (rPois)
You cover ground very slowly.
You can spit poison.
You have a snake-like lower body.


Message History

Unknown command.
You swap places.
The ogre attacks as it pursues you! The ogre hits you with a +0 giant club.
* * * LOW HITPOINT WARNING * * *
You swap places.
You swap places.
The ogre closely misses your butterfly.
Aiming: Spit Poison (1% risk of failure)
Press: ? - help, Shift-Dir - straight line, f - ogre
Aim: an ogre, wielding a +0 giant club (inner flame, weak-willed, ally target, 81% to hit)
The splash of poison misses your butterfly.
The splash of poison hits the ogre but does no damage.
The ogre is poisoned.
The ogre completely misses your butterfly.
The ogre is attracted toward you.
You swap places.
Flame seeps out of the ogre. x2
The ogre is engulfed in blazing flames.
Flame seeps out of the ogre.
You aren't carrying any potions.
You aren't carrying any scrolls.
Unknown command.
You hit the ogre.
Flame seeps out of the ogre.
The ogre is almost dead.
You have got your breath back.
Your butterfly is engulfed in blazing flames.
You kill your butterfly!
Your butterfly disappears in a burst of colours!
The ogre is engulfed in blazing flames.
The ogre explodes!
The fiery explosion engulfs your butterfly!!!
You kill your butterfly!
Your butterfly disappears in a burst of colours!
The fiery explosion engulfs your butterfly!!!
You kill your butterfly!
Your butterfly disappears in a burst of colours!
The fiery explosion engulfs your butterfly!!!
You kill your butterfly!
Your butterfly disappears in a burst of colours!
The fiery explosion engulfs you!!
Ouch! That really hurt!
You die...
Xom guffaws!

,,....b...##.....,,.≈.#****,~,,,,
,,...$[.bb##.####*#.≈..,,,,,~,*,,
⌠,._..#......#####..≈≈§,~~~~~,,,,
,,...b....#######....§,,,,,,,,,,,
,,.......†b...b.b....#*,**,,,,**,
,,........bb.bbbb.#****,,,,,,,**,
,,......bb§.bbb...# ***,***,**,
**#######.bbbb°b§b# *,,,,,,,,
####<....bb..○@.# *,,,,,,,,
#######...b.§§§.# *,*,,,**,
################# *,,,,,,,,
############### **,,,,,,*,
############### *,,,,,,>,,
*,**,****, *,,,,,,,,, ***,****,,
*,,,,,,,


There were no monsters in sight!

Vanquished Creatures
  An ogre (D:3)
  Natasha (D:3)
  An orc wizard (D:2)
  4 orcs (D:2)
  3 endoplasms
  4 giant cockroaches (D:1)
  7 goblins (D:1)
  4 hobgoblins
  3 kobolds
  6 quokkas
  4 bats
  2 frilled lizards (D:1)
  7 rats
47 creatures vanquished.

Notes
Turn   | Place    | Note
-------+----------+-------------------------------------------
     0 | D:1      | spaghetti the Naga Chaos Knight began the quest for the
                  | Orb.
     0 | D:1      | Reached XP level 1. HP: 21/21 MP: 1/1
   107 | D:1      | Reached XP level 2. HP: 26/28 MP: 2/2
   141 | D:1      | Found Saazaib's Book Shoppe.
   320 | D:1      | Reached skill level 4 in Long Blades
   329 | D:1      | Reached XP level 3. HP: 25/34 MP: 3/3
   513 | D:1      | XOM: silly message
   817 | D:1      | XOM: divination: magic mapping
   975 | D:2      | Reached XP level 4. HP: 32/42 MP: 4/4
  1661 | D:3      | Found a burning altar of Makhleb.
  1661 | D:3      | Noticed Natasha
  1662 | D:3      | XOM: silly message
  1667 | D:3      | XOM: smoke on damage
  1669 | D:3      | Killed Natasha
  1669 | D:3      | Noticed an ogre
  1677 | D:3      | XOM: potion effect (might)
  1685 | D:3      | Killed an ogre
  1685 | D:3      | Killed by an exploding ogre... ignited by their inner flame

Illustrated notes

Levels and vault maps discovered:
D:1:      dpeg_arrival_solitude, layout_loops_ring, serial_shops,
          nicolae_shop_trees, minmay_tetromino_i2
D:2:      wad_lake_hut, layout_rooms, minmay_fountain_box, minmay_tiny_reverse_x
D:3:      layout_basic, grunt_temple_overflow_open,
          mainiacjoe_overflow_brackets, nicolae_ashenzari_panopticon,
          okawaru_trees_2, uniq_natasha

Skill      XL: |  1  2 |
---------------+-------+-----
Long Blades    | 4 |  4.9
Fighting       | |  3.6
Armour         | |  1.5
Dodging        | |  0.7

Action                     |  1- 3 |  4- 6 || total
---------------------------+-------+-------++-------
  Melee: Falchion          |    90 |       ||    90
         Dagger            |    12 |    62 ||    74
         Punch             |       |     1 ||     1
Ability: Spit Poison       |       |     1 ||     1
    Use: Potion            |     2 |     3 ||     5
         Scroll            |       |     4 ||     4
   Stab: Paralysed         |     1 |       ||     1
         Sleeping          |     1 |       ||     1
 Armour: Leather armour    |    94 |    34 ||   128
         Skin              |     1 |       ||     1
  Dodge: Dodged            |    39 |    23 ||    62
